 Seeded DCSS version 0.29.1-15-g9cfb28693d (webtiles) character file.

Game seed: 12113030075061518348 (custom seed)

154 Gelion the Conjurer (level 5, 38/38 HPs)
             Began as a Demonspawn Conjurer on Mar 11, 2023.
             Quit the game on level 3 of the Dungeon.
             The game lasted 00:06:50 (2888 turns).

Gelion the Conjurer (Demonspawn Conjurer)           Turns: 2888, Time: 00:06:51

Health: 38/38      AC:  6    Str:  7    XL:     5   Next: 13%
Magic:  9/9        EV: 12    Int: 21    God:
Gold:   180        SH:  0    Dex: 12    Spells: 6/9 levels left

rFire   . . .      SeeInvis .   j - +0 dagger
rCold   . . .      Faith    .   (no shield)
rNeg    . . .      Spirit   .   a - +1 robe
rPois   .          Reflect  .   (no helmet)
rElec   .          Harm     .   (no cloak)
rCorr   .          Rampage  .   (no gloves)
Will    .....                   (no boots)
Stlth   ++........              (no amulet)
HPRegen 0.12/turn               (no ring)
MPRegen 0.11/turn               (no ring)

@: no status effects
A: thin metallic scales 2, demonic touch 1
a: no special abilities


You were on level 3 of the Dungeon.
You visited 1 branch of the dungeon, and saw 3 of its levels.

You collected 180 gold pieces.

Inventory:

Hand Weapons
 d - a +1 quarterstaff
 j - a +0 dagger (weapon)
Missiles
 k - 4 javelins
Armour
 a - a +1 robe (worn)
Scrolls
 c - 2 scrolls of teleportation
 l - a scroll of acquirement
Potions
 b - a potion of magic
 e - a potion of might {unknown}
 f - 2 potions of flight {unknown}
 g - 2 potions of lignification {unknown}
 h - a potion of resistance {unknown}
 i - 2 potions of curing {unknown}


   Skills:
 + Level 2.0 Fighting
 + Level 1.6 Staves
 - Level 1.7 Dodging
 - Level 1.7 Stealth
 + Level 2.8 Spellcasting
 * Level 5.1 Conjurations


You had 6 spell levels left.
You knew the following spells:

 Your Spells              Type           Power      Damage    Failure   Level
a - Magic Dart            Conj           96%        1d7       1%          1
b - Searing Ray           Conj           48%        2d6       2%          2

Your spell library contained the following spells:

 Spells                   Type           Power      Damage    Failure   Level
 Dazzling Flash           Conj/Hex       26%        N/A       14%         3
 Frozen Ramparts          Ice            4%         1d1       38%         3
 Fulminant Prism          Conj/Hex       6%         3d7       43%         4
 Iskenderun's Mystic Bla  Conj/Tloc      13%        2d5       43%         4
 Ice Form                 Ice/Tmut       2%         N/A       80%         4
 Summon Ice Beast         Ice/Summ       2%         N/A       80%         4


Dungeon Overview and Level Annotations

Branches:
Dungeon (3/15)

Altars:


Innate Abilities, Weirdness & Mutations

You are mostly covered in thin metallic scales. (AC +3)
Your touch may inflict minor irresistible damage on your foes.


Message History

You now have 180 gold pieces (gained 6).
You enter the shallow water.
Moving in this stuff is going to be slow.
You enter the shallow water.
Moving in this stuff is going to be slow.
You enter the shallow water.
Moving in this stuff is going to be slow.
You see here 7 stones.
You enter the shallow water.
Moving in this stuff is going to be slow.
Done exploring.
This is a scroll of acquirement!
There is a stone staircase leading up here.
You see here 3 stones.
You enter the shallow water.
Moving in this stuff is going to be slow.
You enter the shallow water.
Moving in this stuff is going to be slow.
You enter the shallow water.
Moving in this stuff is going to be slow.
You enter the shallow water.
Moving in this stuff is going to be slow.
You enter the shallow water.
Moving in this stuff is going to be slow.
You enter the shallow water.
Moving in this stuff is going to be slow.
You enter the shallow water.
Moving in this stuff is going to be slow.
There is a stone staircase leading up here.
You climb upwards.
There is a stone staircase leading down here.
You climb downwards.
There is a stone staircase leading up here.
You enter the shallow water.
Moving in this stuff is going to be slow.
You enter the shallow water.
Moving in this stuff is going to be slow.
You enter the shallow water.
Moving in this stuff is going to be slow.
Are you sure you want to abandon this character and quit the game? (Confirm with "yes".)

~.~~.~~~~..#..#
♣P~~~~~~P♣[..##
♣♣.~P♣♣♣♣♣####
♣♣~~P♣♣♣###
♣♣P~♣♣♣...#########
#♣♣~~♣#...........#
♣.♣♣#.#.........#
#.....#.........#
#######.......@.#
#.........#
#.........#
#.........#
#.........#
#.........#
###########


There were no monsters in sight!

Vanquished Creatures
  Terence (D:3)
  4 gnolls (D:3)
  3 adders (D:2)
  A dart slug (D:2)
  An orc (D:3)
  6 ball pythons
  6 endoplasms
  4 giant cockroaches
  9 goblins
  5 hobgoblins
  4 quokkas
  7 bats
  4 frilled lizards
  3 kobolds
  A rat (D:3)
59 creatures vanquished.

Vanquished Creatures (others)
  A plant (D:3)
1 creature vanquished.

Grand Total: 60 creatures vanquished

Notes
Turn   | Place    | Note
-------+----------+-------------------------------------------
     0 | D:1      | Gelion the Demonspawn Conjurer began the quest for the Orb.
     0 | D:1      | Reached XP level 1. HP: 13/13 MP: 3/3
   288 | D:1      | Gained mutation: You are partially covered in thin metallic
                  | scales. (AC +2) [demonic ancestry]
   288 | D:1      | Reached XP level 2. HP: 20/20 MP: 0/5
   634 | D:1      | Reached skill level 1 in Fighting
   690 | D:1      | Found a faded altar of an unknown god.
   768 | D:1      | Gained mutation: You are mostly covered in thin metallic
                  | scales. (AC +3) [demonic ancestry]
   768 | D:1      | Reached XP level 3. HP: 26/26 MP: 3/6
   934 | D:1      | Learned a level 2 spell: Searing Ray
  1143 | D:2      | Reached skill level 1 in Staves
  1691 | D:2      | Gained mutation: Your touch may inflict minor irresistible
                  | damage on your foes. [demonic ancestry]
  1691 | D:2      | Reached XP level 4. HP: 32/32 MP: 0/7
  2095 | D:3      | Noticed Terence
  2131 | D:3      | Killed Terence
  2511 | D:3      | Reached skill level 5 in Conjurations
  2521 | D:3      | Reached XP level 5. HP: 36/38 MP: 2/9
  2783 | D:3      | Identified a scroll of acquirement
  2888 | D:3      | Quit the game

Illustrated notes

Levels and vault maps discovered:
D:1:      amcnicky_arrival_flooded_fountain, layout_rooms,
          shapermc_ecumenical_altar_venn
D:2:      layout_basic, basic_altar
D:3:      layout_rooms, serial_bayou, serial_bayou_lake_a, serial_bayou_pond_b,
          serial_bayou_pond_e, serial_bayou_pond_c, serial_bayou_crossing,
          uniq_terence

Skill      XL: |  1  2  3  4  5 |
---------------+----------------+-----
Fighting       | 1 2 |  2.0
Staves         | 1 |  1.6
Conjurations   | 5 |  5.1
Dodging        | |  1.7
Stealth        | |  1.7
Spellcasting   | |  2.8

Action                   |  1- 3 |  4- 6 || total
-------------------------+-------+-------++-------
Melee: Quarterstaff      |    17 |       ||    17
       Dagger            |       |     6 ||     6
       Touch             |       |     2 ||     2
 Cast: Magic Dart        |    90 |    17 ||   107
       Searing Ray       |       |     6 ||     6
  Use: Scroll            |     2 |     3 ||     5
Armor: Robe              |    14 |     4 ||    18
Dodge: Dodged            |    15 |     9 ||    24
